AoeStats
← capt. Bear

Black Forest

507015040Analyzed
4v4 RM · 17d ago on Sep 16, 2026· 34m 4s· 8 players
Game mode
Random Map
Map size
Large (8 player)
Population
200
Speed
Normal
Resources
Standard
Victory
Conquest
Starting age
Dark Age
Ending age
Imperial Age
RankedLock teamsTeams togetherTeam positionsShared explorationLock speedFull tech treeHidden civsTurbo modeCheats
Victory
Defeat
🇻🇳 Muisca · Vietnam
1813
+9
🇨🇳 Mongols · China
1763
+10
🇺🇸 Bohemians · United States
1633
+15
🇦🇷 Italians · Argentina
1631
+15
🇹🇼 Persians · Taiwan
1668
-14
🇹🇼 Saracens · Taiwan
1620
-12
🇹🇼 Spanish · Taiwan
1620
-12
🇦🇷 Koreans · Argentina
1603
-11
JunkDogJoe
10:57 Feudal Age
14:27 Castle Age
12:26 Double-Bit Axe
13:08 Horse Collar
16:15 Fervor
20:32 Wheelbarrow
23:42 Heavy Plow
25:09 Bow Saw
25:07 Loom
28:52 Imperial Age
26:55 Hand Cart
27:04 Sanctity
28:55 Chemistry
28:12 Padded Archer Armor
29:07 Leather Archer Armor
30:59 Caravan
31:37 Guilds
31:58 Ring Archer Armor
31:21 Houfnice
31:54 Pikeman
32:45 Squires
32:47 Scale Mail Armor
33:22 Conscription
32:54 Halberdier
34:07 Wagenburg Tactics
34:32 Chain Mail Armor
VL | Falu
0:39 Loom
4:32 Loom
12:21 Feudal Age
13:50 Double-Bit Axe
13:46 Horse Collar
16:16 Castle Age
17:51 Bow Saw
22:01 Wheelbarrow
21:11 Town Watch
29:35 Imperial Age
29:23 Hand Cart
29:01 Gold Mining
29:02 Stone Mining
29:03 Fletching
29:39 Ballistics
29:02 Elite Skirmisher
30:12 Bodkin Arrow
30:17 Padded Archer Armor
31:31 Chemistry
31:48 Coinage
32:01 Bracer
32:02 Padded Archer Armor
32:51 Squires
32:52 Scale Mail Armor
33:31 Forging
爱人跟人走
9:41 Feudal Age
13:18 Castle Age
11:20 Double-Bit Axe
12:13 Horse Collar
15:07 Bow Saw
15:25 Heavy Plow
24:47 Loom
27:46 Imperial Age
25:58 Wheelbarrow
25:41 Fletching
25:57 Gold Mining
26:36 Bodkin Arrow
27:03 Ballistics
26:59 Stone Mining
27:52 Gold Shaft Mining
28:07 Hand Cart
28:58 Bracer
30:17 Parthian Tactics
29:58 Thumb Ring
29:55 Husbandry
30:05 Bloodlines
30:45 Conscription
30:40 Bloodlines
31:30 Elite Mangudai
32:22 Padded Archer Armor
33:23 Chemistry
33:19 Caravan
33:50 Coinage
33:59 Herbal Medicine
34:23 Leather Archer Armor
saymynameBook
1:01 Loom
12:22 Feudal Age
13:05 Town Watch
15:54 Castle Age
14:35 Double-Bit Axe
16:49 Bow Saw
19:07 Horse Collar
19:18 Gold Mining
19:23 Gold Mining
23:32 Sanctity
25:15 Redemption
29:24 Wheelbarrow
33:11 Imperial Age
32:00 Hand Cart
32:23 Scale Mail Armor
32:34 Forging
33:31 Heavy Plow
33:23 Stone Mining
34:16 Gold Shaft Mining
33:54 Squires
34:30 Block Printing
34:11 Herbal Medicine
34:45 Illumination
34:56 Theocracy
34:31 Fervor
DYS.K
11:52 Feudal Age
13:01 Double-Bit Axe
15:36 Castle Age
13:26 Horse Collar
16:16 Bow Saw
19:49 Loom
22:26 Heavy Plow
24:54 Wheelbarrow
26:48 Hand Cart
26:35 Gold Mining
26:35 Stone Mining
27:56 Gold Shaft Mining
30:53 Imperial Age
29:35 Scale Barding Armor
30:03 Devotion
30:44 Chain Barding Armor
30:35 Forging
30:37 Bloodlines
32:53 Chemistry
32:01 Kamandaran
31:52 Fletching
32:03 Padded Archer Armor
33:02 Bodkin Arrow
33:42 Leather Archer Armor
33:48 Ballistics
capt. Bear
3:55 Loom
11:22 Feudal Age
15:03 Castle Age
13:26 Double-Bit Axe
13:27 Horse Collar
16:49 Bow Saw
20:28 Wheelbarrow
25:03 Hand Cart
28:44 Imperial Age
27:05 Scale Barding Armor
27:04 Gold Mining
28:10 Chain Barding Armor
28:01 Forging
28:18 Town Watch
30:04 Plate Barding Armor
28:52 Cavalier
29:56 Bloodlines
30:25 Husbandry
30:23 Paladin
32:23 Iron Casting
34:35 Conscription
35:17 Blast Furnace
丁守中
2:02 Loom
11:57 Feudal Age
14:19 Double-Bit Axe
17:12 Fletching
19:38 Castle Age
17:44 Fletching
G5
0:40 Loom
11:20 Feudal Age
13:14 Double-Bit Axe
13:29 Town Watch
16:16 Castle Age
14:39 Horse Collar
17:34 Bow Saw
26:26 Wheelbarrow
26:11 Heavy Plow
27:02 Gold Mining
27:03 Stone Mining
27:32 Fortified Wall
31:25 Imperial Age
29:12 Fletching
31:01 Masonry
30:59 Bodkin Arrow
31:47 Treadmill Crane
32:51 Conscription
33:36 Chemistry
32:19 Heavy Rocket Cart
34:24 Ballistics
Connection lost

Rejoining the realm…

Still unreachable

The connection could not be restored.

Session expired

The server has moved on; the page needs a fresh start.